 Dungeon Crawl Stone Soup version 0.30-a0-292-g0f741e3f8e (webtiles) character file.

Game seed: 10316774233729384891

279 scionoferis the Chiller (level 6, -2/52 HPs)
             Began as a Human Hexslinger on Oct 17, 2022.
             Slain by a gnoll
             ... wielding a +0 whip
              (6 damage)
             ... on level 4 of the Dungeon.
             The game lasted 00:05:58 (1842 turns).

scionoferis the Chiller (Human Hexslinger)          Turns: 1842, Time: 00:05:59

Health: -2/52      AC:  3    Str: 11    XL:     6   Next: 52%
Magic:  10/12      EV: 14    Int: 21    God:
Gold:   86         SH:  0    Dex: 13    Spells: 9/13 levels left

rFire   . . .      SeeInvis .    a - +1 sling
rCold   . . .      Faith    .    (no shield)
rNeg    . . .      Spirit   .    c - +0 robe
rPois   .          Reflect  .    (no helmet)
rElec   .          Harm     .    (no cloak)
rCorr   .          Rampage  .    e - +0 pair of gloves
Will    .....                    (no boots)
Stlth   +.........               (no amulet)
HPRegen 0.28/turn                t - +6 ring of intelligence
MPRegen 0.13/turn                (no ring)

@: freezing walls
A: no striking features
a: no special abilities


You were on level 4 of the Dungeon.
You visited 1 branch of the dungeon, and saw 4 of its levels.

You collected 86 gold pieces.

Inventory:

Hand Weapons
 a - a +1 sling (weapon)
 j - a +0 rapier
Armour
 c - a +0 robe (worn)
 e - a +0 pair of gloves (worn)
Jewellery
 t - a +6 ring of intelligence (left hand)
Wands
 l - a wand of digging (3)
Scrolls
 b - a scroll of poison
 h - a scroll of brand weapon {unknown}
 n - a scroll of blinking {unknown}
 p - a scroll of summoning {unknown}
 s - a scroll of fog {unknown}
 u - a scroll of identify {unknown}
Potions
 i - a potion of resistance {unknown}
 k - a potion of mutation {unknown}
 m - a potion of cancellation {unknown}
 o - a potion of lignification {unknown}
 q - a potion of haste {unknown}
 r - a potion of curing {unknown}


   Skills:
 - Level 5.7 Fighting
 - Level 2.0 Ranged Weapons
 - Level 5.4 Armour
 - Level 5.8 Dodging
 + Level 4.4 Spellcasting
 - Level 3.0 Hexes
 * Level 6.9 Ice Magic


You had 9 spell levels left.
You knew the following spells:

 Your Spells              Type           Power      Damage    Failure   Level
a - Slow                  Hex            68%        N/A       3%          1
b - Frozen Ramparts       Ice            66%        1d10      1%          3

Your spell library contained the following spells:

 Spells                   Type           Power      Damage    Failure   Level
 Inner Flame              Hex/Fire       10%        N/A       19%         3
 Portal Projectile        Hex/Tloc       20%        N/A       19%         3
 Ice Form                 Ice/Tmut       19%        N/A       28%         4
 Summon Ice Beast         Ice/Summ       19%        N/A       28%         4
 Cause Fear               Hex            8%         N/A       32%         4
 Ignite Poison            Fire/Tmut/Pois 4%         N/A       34%         3
 Kindle Blastsparks       Fire/Tloc/Air  8%         2d10      34%         3
 Freezing Cloud           Conj/Ice/Air   7%         6-21      77%         5


Dungeon Overview and Level Annotations

Branches:
Dungeon (4/15)
 Temple: D:4-7

Altars:

Shops:
D:1 !


Message History

You are confused.
You feel invigorated.
You hear the slow rusting of a very distant drain.
You hear the slow hiss of an avalanche of sand nearby.
The wall freezes the gnoll.
The gnoll barely misses you.
The wall freezes the gnoll but does no damage.
The gnoll hits you from afar with a +2 halberd of pain.
You writhe in agony.
It was a potion of magic.
Magic courses through your body.
The wall freezes the gnoll but does no damage.
The gnoll hits you from afar with a +2 halberd of pain!
* * * LOW HITPOINT WARNING * * *
Unknown command.
It was a potion of experience.
You feel more experienced!
Your Fighting skill gained 3 levels and is now at level 5!
Your Armour skill gained 3 levels and is now at level 5!
Your Dodging skill gained 2 levels and is now at level 5!
Your Spellcasting skill gained 3 levels and is now at level 4!
Your Ice Magic skill gained 6 levels and is now at level 6!
Training target 3.0 for Fighting reached!
Training target 3.0 for Armour reached!
Training target 5.0 for Dodging reached!
You have reached level 6!
You feel less invigorated.
You feel less confused.
The wall freezes the gnoll but does no damage.
The gnoll barely misses you.
Unknown command.
Okay, then.
Unknown command.
The wall freezes the gnoll but does no damage.
The gnoll hits you with a +0 whip.
* * * LOW HITPOINT WARNING * * *
The wall freezes the gnoll.
The gnoll hits you from afar with a +2 halberd of pain.
* * * LOW HITPOINT WARNING * * *
The wall freezes the gnoll but does no damage.
The gnoll hits you with a +0 whip.
You die...

#....#..####.......##
#........##.........#
.............##........#
............###........
........##...##:.# ....
.....(...##..#...# #.. #...
........####..g.# ##.. ..^.
##<.#....##...gg###..#####...
##.##..>......#@#..........##
........†#.....g..........§.##
..#.####....######.....):....#
#. ####.# #.....##...# # #.##
##..##..##..# #..#
##..###......##
##.†###....##.......###
#...<......#..........#
###...................#


You could see 4 gnolls.

Vanquished Creatures
  Jessica (D:2)
  3 gnolls (D:3)
  2 adders
  2 worms (D:2)
  3 dart slugs
  7 orcs
  3 ball pythons
  4 bats
  3 endoplasms
  3 giant cockroaches
  3 goblins
  3 hobgoblins
  2 jackals (D:1)
  2 kobolds
  5 quokkas
  A frilled lizard (D:2)
  3 rats (D:1)
50 creatures vanquished.

Notes
Turn   | Place    | Note
-------+----------+-------------------------------------------
     0 | D:1      | scionoferis the Human Hexslinger began the quest for the
                  | Orb.
     0 | D:1      | Reached XP level 1. HP: 15/15 MP: 2/2
   192 | D:1      | Reached XP level 2. HP: 19/21 MP: 3/3
   198 | D:1      | Found Naaguttea's Distillery.
   248 | D:1      | Reached skill level 1 in Armour
   496 | D:1      | Reached XP level 3. HP: 27/27 MP: 4/4
   645 | D:2      | Noticed Jessica
   658 | D:2      | Killed Jessica
   659 | D:2      | Reached XP level 4. HP: 26/33 MP: 3/5
  1451 | D:3      | Reached XP level 5. HP: 32/39 MP: 6/6
  1633 | D:3      | Learned a level 3 spell: Frozen Ramparts
  1840 | D:4      | Reached skill level 5 in Fighting
  1840 | D:4      | Reached skill level 5 in Armour
  1840 | D:4      | Reached skill level 5 in Dodging
  1840 | D:4      | Reached skill level 6 in Ice Magic
  1840 | D:4      | Reached XP level 6. HP: 6/52 MP: 6/12
  1842 | D:4      | Slain by a gnoll

Illustrated notes

Levels and vault maps discovered:
D:1:      dpeg_arrival_simpleton_a, layout_loops_ring, serial_shops,
          nicolae_square_shop
D:2:      layout_loops_ring, uniq_jessica
D:3:      minmay_chambers_of_twos, layout_basic, chequers_serial_rivers_small_3
D:4:      layout_cave_pools, gup_sewer_entry_pipe,
          nicolae_ossuary_entry_false_entrances, minmay_misc_feat_iff

Skill      XL: |  1  2  3  4  5 |
---------------+----------------+-----
Armour         | 1 2 5 |  5.4
Fighting       | 2 5 |  5.7
Dodging        | 3 5 |  5.8
Spellcasting   | 4 |  4.4
Ice Magic      | 6 |  6.9
Ranged Weapons | |  2.0
Hexes          | |  3.0

Action                   |  1- 3 |  4- 6 || total
-------------------------+-------+-------++-------
 Fire: Sling             |    60 |   125 ||   185
 Cast: Slow              |     1 |     5 ||     6
       Frozen Ramparts   |       |     1 ||     1
  Use: Potion            |       |     3 ||     3
Armor: Robe              |     5 |    14 ||    19
Dodge: Dodged            |    14 |    51 ||    65

Table legend: (Time is in decaauts)
 A = Elapsed time spent in this place.
 B = Non-inter-level travel time spent in this place.
 C = Inter-level travel time spent in this place.
 D = Time resting spent in this place.
 E = Time spent auto-exploring this place.
 F = Levels seen in this place.
 G = Mean time per level.
                   A        B        C        D        E       F      G
               +--------+--------+--------+--------+--------+-----+--------+
         Total |   1901 |   1854 |     47 |     56 |   1348 |   4 |  475.2 |
       Dungeon |   1901 |   1854 |     47 |     56 |   1348 |   4 |  475.2 |
               +--------+--------+--------+--------+--------+-----+--------+

Top non-repeatable levels by time:
     D:2: 690 daAuts
     D:1: 610 daAuts
     D:3: 496 daAuts
     D:4: 103 daAuts
